 Dungeon Crawl Stone Soup version 0.31.0-12-g77e489cdc1 (webtiles) character file.

Game seed: 14992427029860223248

137 Gadfly the Covered (level 5, -3/45 HPs)
             Began as an Armataur Fighter on Feb 28, 2024.
             Slain by an orc priest
             ... wielding a +0 hand axe
              (4 damage)
             ... on level 3 of the Dungeon.
             The game lasted 00:03:12 (1082 turns).

Gadfly the Covered (Armataur Fighter)               Turns: 1082, Time: 00:03:14

Health: -3/45      AC:  7    Str: 22    XL:     5   Next: 0%
Magic:  5/5        EV:  7    Int:  8    God:
Gold:   1258       SH:  4    Dex: 11    Spells: 4/4 levels left

rFire   . . .        a - +0 flail
rCold   . . .        c - +0 buckler
rNeg    . . .        b - +0 scale mail
rPois   .            (no helmet)
rElec   .            (no cloak)
rCorr   .            (no gloves)
SInv    +            (no barding)
Will    .....        (no amulet) Stlth
                     f - ring of see invisible
HPRegen 0.27/turn    (no ring)
MPRegen 1.74/turn

%: roll
@: no status effects
A: large, deformed body, tough skin 3, armoured tail, roll 1
a: no special abilities


You were on level 3 of the Dungeon.
You visited 1 branch of the dungeon, and saw 3 of its levels.

You collected 1258 gold pieces.

Inventory:

Hand Weapons
 a - a +0 flail (weapon)
Armour
 b - a +0 scale mail (worn)
 c - a +0 buckler (worn)
Jewellery
 f - a ring of see invisible (left hand)
Wands
 k - a wand of roots (9) (quivered)
Scrolls
 l - a scroll of acquirement
Potions
 d - a potion of might
 e - a potion of enlightenment
 g - 2 potions of lignification {unknown}
 h - a potion of haste {unknown}
 i - a potion of magic
 j - a potion of invisibility {unknown}


   Skills:
 + Level 3.0 Fighting
 * Level 2.7 Maces & Flails
 + Level 4.1 Armour
 + Level 3.6 Shields
 * Level 2.0 Evocations
 * Level 1.5 Shapeshifting


You had 4 spell levels left.
You didn't know any spells.
Your spell library contained the following spells:

 Spells                   Type           Power      Damage    Failure   Level
 Apportation              Tloc           0%         N/A       80%         1
 Necrotise                Necr           0%         1d4       80%         1
 Sting                    Conj/Alch      0%         1d3       80%         1
 Summon Small Mammal      Summ           0%         N/A       80%         1


Dungeon Overview and Level Annotations

Branches:
Dungeon (3/15)

Altars:
Elyvilon


Innate Abilities, Weirdness & Mutations

Armour fits poorly on your strangely shaped body.
You have extremely tough skin. (AC +3)
You have a long armoured tail.
You regenerate magic when rolling toward enemies. (Rampage MPRegen)


Message History

The orc wizard barely misses you. The orc closely misses you.
You block the orc priest's attack. The orc hits you but does no damage.
You closely miss the orc priest.
The orc priest is severely wounded.
The orc wizard hits you with a +0 dagger.
The orc closely misses you. The orc hits you but does no damage.
The orc priest invokes the aid of Beogh against you.
Beogh smites you! The orc hits you but does no damage.
You are too injured to fight recklessly!
You are too injured to fight recklessly!
You are too injured to fight recklessly!
You are too injured to fight recklessly!
You are too injured to fight recklessly!
You are too injured to fight recklessly!
You are too injured to fight recklessly!
You are too injured to fight recklessly!
You are too injured to fight recklessly!
You are too injured to fight recklessly!
You are too injured to fight recklessly!
You are too injured to fight recklessly!
You are too injured to fight recklessly!
You are too injured to fight recklessly!
You are too injured to fight recklessly!
You are too injured to fight recklessly!
You are too injured to fight recklessly!
Unknown command.
You closely miss the orc priest.
Your tail-slap misses the orc priest.
The orc priest is severely wounded.
The orc wizard hits you with a +0 dagger.
The orc closely misses you.
The orc priest hits you but does no damage.
The orc hits you with a +0 flail.
* * * LOW HITPOINT WARNING * * *
The orc hits you with a +0 mace.
* * * LOW HITPOINT WARNING * * *
You block the orc's attack. The orc hits you but does no damage.
The orc hits you with a +0 flail.
* * * LOW HITPOINT WARNING * * *
The orc priest hits you with a +0 hand axe.
You die...

#########.# ###
..........### #..
.............. #..
..........# #.# #..
..........# #..### #..
..........# <..# #..
......o?..######.#####..
.....So@...†......†....>
......ooo.######..#.###.
..........# ##...# #.
#########.# ##..# #. #'#
#..# .. ... ...# .. ....
....# .. ####. ........
...#.#


You could see an orc priest, an orc wizard, an adder and 3 orcs.

Vanquished Creatures
  An orc priest (D:3)
  Jessica (D:2)
  2 adders (D:2)
  2 dart slugs (D:2)
  3 ribbon worms
  10 orcs (D:3)
  2 endoplasms
  2 giant cockroaches
  3 hobgoblins
  3 kobolds
  2 quokkas (D:3)
  3 ball pythons
  4 bats (D:2)
  2 frilled lizards
  5 goblins
  A rat (D:2)
46 creatures vanquished.

Notes
Turn   | Place    | Note
-------+----------+-------------------------------------------
     0 | D:1      | Gadfly the Armataur Fighter began the quest for the Orb.
     0 | D:1      | Reached XP level 1. HP: 18/18 MP: 1/1
   121 | D:1      | Reached XP level 2. HP: 25/25 MP: 2/2
   180 | D:1      | You fall into a shaft and drop 1 floor!
   198 | D:2      | Noticed Jessica
   202 | D:2      | Killed Jessica
   203 | D:2      | Reached skill level 1 in Evocations
   203 | D:2      | Reached skill level 1 in Shapeshifting
   203 | D:2      | Reached XP level 3. HP: 22/30 MP: 3/3
   242 | D:2      | Identified a scroll of acquirement
   242 | D:2      | Acquired 1146 gold pieces
   469 | D:2      | Found a faded altar of an unknown god.
   526 | D:2      | Reached XP level 4. HP: 37/37 MP: 4/4
   625 | D:3      | Reached skill level 4 in Armour
   649 | D:3      | Found a white marble altar of Elyvilon.
  1075 | D:3      | Reached XP level 5. HP: 45/45 MP: 5/5
  1082 | D:3      | HP: 1/45 [orc/+0 flail (5)]
  1082 | D:3      | Slain by an orc priest

Illustrated notes

Levels and vault maps discovered:
D:1:      minmay_arrival_four_houses, layout_loops_ring
D:2:      layout_basic, ebering_ecumenical_altar_rust, uniq_jessica
D:3:      layout_basic, gammafunk_temple_overflow_arena,
          mainiacjoe_overflow_alcove_4, pf_just_have_faith, lemuel_doored_altar,
          st_stairs_1

Skill      XL: |  1  2  3  4 |
---------------+-------------+-----
Maces & Flails | 2 |  2.7
Evocations     | 1 2 |  2.0
Shapeshifting  | 1 |  1.5
Armour         | 4 |  4.1
Fighting       | 3 |  3.0
Shields        | |  3.6

Action                     |  1- 3 |  4- 6 || total
---------------------------+-------+-------++-------
  Melee: Flail             |    72 |    57 ||   129
         Tailslap          |     5 |     8 ||    13
    Use: Scroll            |     4 |     1 ||     5
         Potion            |       |     2 ||     2
 Armour: Scale mail        |    62 |    47 ||   109
  Dodge: Dodged            |    29 |    18 ||    47
  Block: Buckler           |    15 |    10 ||    25
